 Dungeon Crawl Stone Soup version 0.26-a0-639-g72c4674329 (webtiles) character file.

Game seed: 7474997110601518237

24 Borgoz the Skirmisher (level 3, 21/24 HPs)
             Began as a Gargoyle Monk on Sept 17, 2020.
             Quit the game on level 1 of the Dungeon.
             The game lasted 00:01:01 (711 turns).

Borgoz the Skirmisher (Gargoyle Monk)                Turns: 711, Time: 00:01:02

Health: 21/24      AC:  5    Str: 15    XL:     3   Next: 2%
Magic:  3/3        EV: 13    Int: 10    God:
Gold:   37         SH:  0    Dex: 12    Spells: 2/2 levels left

rFire    . . .     SeeInvis .   a - +0 mace
rCold    . . .     Faith    .   (no shield)
rNeg     + . .     Spirit   .   b - +0 robe
rPois    ∞         Reflect  .   (no helmet)
rElec    +         Harm     .   (no cloak)
rCorr    .         Rampage  .   (no gloves)
MR       .....                  (no boots)
Stlth    ++........             (no amulet)
HPRegen  0.08/turn              (no ring)
MPRegen  0.08/turn              (no ring)

@: no status effects
A: negative energy resistance 1, electricity resistance, unbreathing,
petrification resistance, rot immunity, AC +3
a: no special abilities


You were on level 1 of the Dungeon.
You visited 1 branch of the dungeon, and saw 1 of its levels.

You collected 37 gold pieces.

Inventory:

Hand Weapons
 a - a +0 mace (weapon)
Armour
 b - a +0 robe (worn)
Scrolls
 d - a scroll of random uselessness {unknown}


   Skills:
 + Level 3.6 Fighting
 + Level 3.3 Maces & Flails
 + Level 1.1 Armour
 + Level 2.6 Dodging
 - Level 2.1 Stealth


You had 2 spell levels left.
You didn't know any spells.
Your spell library was empty.

Dungeon Overview and Level Annotations

Branches:
Dungeon (1/15)

Altars:


Innate Abilities, Weirdness & Mutations

You are resistant to torment.
Your stone body is resilient. (AC +3)
You are immune to poison.
You resist negative energy. (rN+)
You are resistant to electric shocks. (rElec)
You can survive without breathing.
You are immune to petrification.
You are immune to rotting.


Message History

a +0 short sword; a +0 club You start resting.
A bat comes into view.
No target in view!
No target in view!
The bat closely misses you. The bat misses you.
You hit the bat.
The bat is severely wounded.
The bat barely misses you.
You hit the bat but do no damage.
The bat is severely wounded.
The bat closely misses you.
You hit the bat.
You kill the bat!
You have reached level 3!
Your experience leads to an increase in your attributes!
Increase (S)trength, (I)ntelligence, or (D)exterity?
You feel stronger.
Are you sure you want to abandon this character and quit the game? (Confirm with "yes".)

########### #########
#.........####.......# # )
##............#.#####.### ..
+.......................'
...##..............###.....#
...........@..#....###.....#
...........†..#.............
..............+.............
#...............#..........#..
................#.............
#....##.........##.#.####)....
#.... #####....###.#..........
#....## #...##...)###......†..
.......##...##..####..........


There were no monsters in sight!

Vanquished Creatures
  A ball python (D:1)
  4 bats (D:1)
  4 giant cockroaches (D:1)
  5 goblins (D:1)
  A hobgoblin (D:1)
  2 jackals (D:1)
  2 kobolds (D:1)
  2 rats (D:1)
21 creatures vanquished.

Notes
Turn   | Place    | Note
-------+----------+-------------------------------------------
     0 | D:1      | Borgoz the Gargoyle Monk began the quest for the Orb.
     0 | D:1      | Reached XP level 1. HP: 14/14 MP: 1/1
   183 | D:1      | Reached XP level 2. HP: 12/19 MP: 2/2
   463 | D:1      | Reached skill level 1 in Armour
   710 | D:1      | Reached XP level 3. HP: 21/24 MP: 3/3
   711 | D:1      | Quit the game

Illustrated notes

Levels and vault maps discovered:
D:1:      dpeg_arrival_long_road, layout_basic, feat_on_display

Skill      XL: |  1  2 |
---------------+-------+-----
Armour         | 1 |  1.1
Fighting       | |  3.6
Maces & Flails | |  3.3
Dodging        | |  2.6
Stealth        | |  2.1

Action                   || total
-------------------------++-------
Melee: Mace              ||    62
  Use: Potion            ||     1
Armor: Robe              ||    25
Dodge: Dodged            ||    63

Table legend: (Time is in decaauts)
 A = Elapsed time spent in this place.
 B = Non-inter-level travel time spent in this place.
 C = Inter-level travel time spent in this place.
 D = Time resting spent in this place.
 E = Time spent auto-exploring this place.
 F = Levels seen in this place.
 G = Mean time per level.
                   A        B        C        D        E       F      G
               +--------+--------+--------+--------+--------+-----+--------+
         Total |    726 |    726 |      0 |    419 |    158 |   1 |  726.0 |
       Dungeon |    726 |    726 |      0 |    419 |    158 |   1 |  726.0 |
               +--------+--------+--------+--------+--------+-----+--------+

Top non-repeatable levels by time:
     D:1: 726 daAuts
